MLB
CHICAGO CUBS @ ATLANTA BRAVES
09/23/2047
 
TOP OF THE 1ST
Chicago Cubs batting - Pitching for Atlanta Braves : RHP Jeremy Kasten
Pitching: RHP Jeremy Kasten
Batting: RHB Yasuhide Kasahara 0-0: Called Strike
0-1: Foul Ball, location: 2F
0-2: Strikes out looking
Batting: RHB Steve Bartman Jr. 0-0: Ball
1-0: Fly out, F8 (Line Drive, 8LM, EV 91.2 MPH)
Batting: RHB Efrain Vargas 0-0: Ball
1-0: Called Strike
1-1: Foul Ball, location: 2F
1-2: Ball
2-2: Foul Ball, location: 2F
2-2: SINGLE (Flyball, 9, EV 90.0 MPH)
Batting: RHB Josh Kalman 0-0: SINGLE (Line Drive, 8LS, EV 85.0 MPH)
Efrain Vargas to second
Runner from 2nd tries for 3rd, OUT! 8-5
Top of the 1st over - 0 runs, 2 hits, 0 errors, 1 left on base; Chicago 0 - Atlanta 0
BOTTOM OF THE 1ST
Atlanta Braves batting - Pitching for Chicago Cubs : RHP Randy Budgell
Pitching: RHP Randy Budgell
Batting: RHB Jeckel Hester 0-0: Ball
1-0: Ball
2-0: Ball
3-0: Base on Balls
Batting: SHB Jason Woods 0-0: Ball
1-0: Ball
2-0: Called Strike
2-1: Grounds into double play, U6-3 (Groundball, 4M, EV 98.8 MPH)
Batting: SHB Terry Tuckfard 0-0: Foul Ball, location: 2F
0-1: Called Strike
0-2: Strikes out swinging, 2-3 out at first.
Bottom of the 1st over - 0 runs, 0 hits, 0 errors, 0 left on base; Chicago 0 - Atlanta 0
TOP OF THE 2ND
Chicago Cubs batting - Pitching for Atlanta Braves : RHP Jeremy Kasten
Batting: LHB Kevin Norton 0-0: Called Strike
0-1: Foul Ball, location: 2F
0-2: Ball
1-2: Ball
2-2: Strikes out swinging
Batting: RHB Elijah Campbell 0-0: Called Strike
0-1: Ball
1-1: Foul Ball, location: 2F
1-2: Ball
2-2: SINGLE (Groundball, 56D, EV 94.4 MPH)
Batting: LHB Andy Arbuckle 0-0: Ball
1-0: Foul Ball, location: 2F
1-1: Swinging Strike
1-2: Ball
2-2: Strikes out swinging
Batting: SHB Steve DiDomenico 0-0: Ball
Pickoff Throw to First - Out! 1-3 CS
Top of the 2nd over - 0 runs, 1 hit, 0 errors, 0 left on base; Chicago 0 - Atlanta 0
BOTTOM OF THE 2ND
Atlanta Braves batting - Pitching for Chicago Cubs : RHP Randy Budgell
Batting: RHB Ike Trout 0-0: Hit by Pitch
Batting: LHB Erik Gretzky 0-0: Ball
1-0: Ball
2-0: Fly out, F7 (Line Drive, 78M, EV 111.9 MPH)
Batting: RHB Luis Torres 0-0: Ball
1-0: Ball
2-0: Ball
3-0: Base on Balls
Ike Trout to second
Batting: RHB Xavier Davis 0-0: Called Strike
0-1: Called Strike
0-2: Strikes out swinging
Batting: RHB Jordan Martin 0-0: Swinging Strike
0-1: Ball
1-1: Ball
2-1: Ball
3-1: Foul Ball, location: 2F
3-2: Strikes out swinging
Bottom of the 2nd over - 0 runs, 0 hits, 0 errors, 2 left on base; Chicago 0 - Atlanta 0
TOP OF THE 3RD
Chicago Cubs batting - Pitching for Atlanta Braves : RHP Jeremy Kasten
Batting: SHB Steve DiDomenico 0-0: Called Strike
0-1: Called Strike
0-2: Strikes out looking
Batting: RHB Brian Gargis 0-0: Ball
1-0: Ball
2-0: Ball
3-0: Base on Balls
Batting: RHB Yasuhide Kasahara 0-0: Ball
1-0: Ball
2-0: Called Strike
2-1: Foul Ball, location: 2F
2-2: Grounds into double play, 4-6-3 (Groundball, 34, EV 86.9 MPH)
Top of the 3rd over - 0 runs, 0 hits, 0 errors, 0 left on base; Chicago 0 - Atlanta 0
BOTTOM OF THE 3RD
Atlanta Braves batting - Pitching for Chicago Cubs : RHP Randy Budgell
Batting: LHB Cody Schumacher 0-0: Called Strike
0-1: Ball
1-1: Foul Ball, location: 2F
1-2: Ball
2-2: SOLO HOME RUN (Flyball, 9D, EV 96.9 MPH), Distance : 370 ft
Batting: RHB Jeckel Hester 0-0: Foul Ball, location: 2F
0-1: Called Strike
0-2: Ball
1-2: Ball
2-2: Ball
3-2: Fly out, F8 (Flyball, 89M, EV 98.8 MPH)
Batting: SHB Jason Woods 0-0: Foul Ball, location: 2F
0-1: Ball
1-1: Ball
2-1: Ball
3-1: Base on Balls
Batting: SHB Terry Tuckfard 0-0: Ball
Jason Woods steals 2nd base
1-0: Called Strike
Jason Woods steals 3rd base
1-1: Called Strike
1-2: Strikes out swinging
Batting: RHB Ike Trout 0-0: Ball
1-0: Ball
2-0: Called Strike
2-1: Ball
3-1: Base on Balls
Batting: LHB Erik Gretzky 0-0: Ball
Wild Pitch!
Jason Woods scores
Ike Trout to second
1-0: Ground out 1-3 (Groundball, 13S, EV 72.5 MPH)
Bottom of the 3rd over - 2 runs, 1 hit, 0 errors, 1 left on base; Chicago 0 - Atlanta 2
TOP OF THE 4TH
Chicago Cubs batting - Pitching for Atlanta Braves : RHP Jeremy Kasten
Batting: RHB Steve Bartman Jr. 0-0: Fly out, F6 (Popup, 6, EV 62.5 MPH)
Batting: RHB Efrain Vargas 0-0: Fly out, F8 (Flyball, 89M, EV 83.8 MPH)
Batting: RHB Josh Kalman 0-0: Ball
1-0: Ball
2-0: Fly out, F7 (Flyball, 7LMF, EV 96.9 MPH)
Top of the 4th over - 0 runs, 0 hits, 0 errors, 0 left on base; Chicago 0 - Atlanta 2
BOTTOM OF THE 4TH
Atlanta Braves batting - Pitching for Chicago Cubs : RHP Randy Budgell
Batting: RHB Luis Torres 0-0: Foul Ball, location: 2F
0-1: Called Strike
0-2: Strikes out swinging
Batting: RHB Xavier Davis 0-0: Ball
1-0: Ball
2-0: Foul Ball, location: 2F
2-1: Ball
3-1: Base on Balls
Batting: RHB Jordan Martin 0-0: Called Strike
0-1: Called Strike
Xavier Davis steals 2nd base
0-2: Ground out 6-3 (Groundball, 6, EV 78.8 MPH)
Xavier Davis to third
Batting: LHB Cody Schumacher 0-0: Ball
1-0: Called Strike
1-1: Ball
2-1: Foul Ball, location: 2F
2-2: Foul Ball, location: 2F
2-2: Ball
3-2: Strikes out swinging
Bottom of the 4th over - 0 runs, 0 hits, 0 errors, 1 left on base; Chicago 0 - Atlanta 2
TOP OF THE 5TH
Chicago Cubs batting - Pitching for Atlanta Braves : RHP Jeremy Kasten
Batting: LHB Kevin Norton 0-0: Ball
1-0: Ball
2-0: DOUBLE (Line Drive, 7LM, EV 97.5 MPH)
Batting: RHB Elijah Campbell 0-0: Ball
1-0: Ball
2-0: Ball
3-0: Called Strike
3-1: Fly out, F6 (Line Drive, 6, EV 68.1 MPH)
Lined into DP, 6-4 (Line Drive, 6, EV 70.6 MPH)
Batting: LHB Andy Arbuckle 0-0: Called Strike
0-1: Ball
1-1: Foul Ball, location: 2F
1-2: Ground out 5-3 (Groundball, 56S, EV 81.9 MPH)
Top of the 5th over - 0 runs, 1 hit, 0 errors, 0 left on base; Chicago 0 - Atlanta 2
BOTTOM OF THE 5TH
Atlanta Braves batting - Pitching for Chicago Cubs : RHP Randy Budgell
Batting: RHB Jeckel Hester 0-0: Called Strike
0-1: Ball
1-1: Ball
2-1: Ground out 5-3 (Groundball, 5, EV 80.0 MPH)
Batting: SHB Jason Woods 0-0: Fly out, F2 (Popup, 2L, EV 98.8 MPH)
Batting: SHB Terry Tuckfard 0-0: Ball
1-0: Ball
2-0: SINGLE (Groundball, 25, EV 73.1 MPH) (infield hit)
Batting: RHB Ike Trout 0-0: Ball
Terry Tuckfard steals 2nd base (no throw)
1-0: Called Strike
1-1: Ball
2-1: Foul Ball, location: 2F
2-2: Ball
3-2: Foul Ball, location: 2F
3-2: SINGLE (Line Drive, 7S, EV 90.6 MPH)
Terry Tuckfard to third
Runner from 3rd tries for Home, SAFE, throw by LF to home
Batting: LHB Erik Gretzky 0-0: Called Strike
0-1: Ball
1-1: Called Strike
Ike Trout steals 2nd base
1-2: Ball
2-2: Ball
3-2: Foul Ball, location: 2F
3-2: Ground out 5-3 (Groundball, 5, EV 90.6 MPH)
Bottom of the 5th over - 1 run, 2 hits, 0 errors, 1 left on base; Chicago 0 - Atlanta 3
TOP OF THE 6TH
Chicago Cubs batting - Pitching for Atlanta Braves : RHP Jeremy Kasten
Batting: SHB Steve DiDomenico 0-0: Swinging Strike
0-1: TRIPLE (Flyball, 7LD, EV 94.4 MPH)
Batting: RHB Brian Gargis 0-0: Ball
1-0: Called Strike
1-1: Ground out 4-3 (Groundball, 4, EV 108.1 MPH)
Steve DiDomenico scores
Batting: RHB Yasuhide Kasahara 0-0: Called Strike
0-1: Ball
1-1: Foul Ball, location: 2F
1-2: Strikes out swinging
Batting: RHB Steve Bartman Jr. 0-0: Ball
1-0: Ball
2-0: Swinging Strike
2-1: Foul Ball, location: 2F
2-2: Strikes out looking
Top of the 6th over - 1 run, 1 hit, 0 errors, 0 left on base; Chicago 1 - Atlanta 3
BOTTOM OF THE 6TH
Atlanta Braves batting - Pitching for Chicago Cubs : RHP Randy Budgell
Batting: RHB Luis Torres 0-0: Ground out 4-3 (Groundball, 4, EV 87.5 MPH)
Batting: RHB Xavier Davis 0-0: Called Strike
0-1: Ball
1-1: Foul Ball, location: 2F
1-2: Strikes out swinging
Batting: RHB Jordan Martin 0-0: Ball
1-0: Fly out, F8 (Flyball, 8RD, EV 96.2 MPH)
Bottom of the 6th over - 0 runs, 0 hits, 0 errors, 0 left on base; Chicago 1 - Atlanta 3
TOP OF THE 7TH
Chicago Cubs batting - Pitching for Atlanta Braves : RHP Jeremy Kasten
Batting: RHB Efrain Vargas 0-0: Ball
1-0: Foul Ball, location: 2F
1-1: Ground out 6-3 (Groundball, 6, EV 100.6 MPH)
Batting: RHB Josh Kalman 0-0: Hit by Pitch
Batting: LHB Kevin Norton 0-0: Ball
1-0: Ball
2-0: Called Strike
2-1: Foul Ball, location: 2F
2-2: Ball
3-2: Fielders Choice at 2nd, 4-6 (Groundball, 4M, EV 88.1 MPH)
Batting: RHB Elijah Campbell 0-0: Called Strike
0-1: Fielders Choice at 2nd, 5-4 (Groundball, 5L, EV 91.9 MPH)
Top of the 7th over - 0 runs, 0 hits, 0 errors, 1 left on base; Chicago 1 - Atlanta 3
BOTTOM OF THE 7TH
Atlanta Braves batting - Pitching for Chicago Cubs : RHP Randy Budgell
Pitching: LHP Jose Carrillo
Batting: LHB Cody Schumacher 0-0: Ball
1-0: Ball
2-0: Called Strike
2-1: Ball
3-1: Swinging Strike
3-2: Strikes out swinging
Pitching: RHP Heef Harted
Batting: RHB Jeckel Hester 0-0: Ball
1-0: Foul Ball, location: 2F
1-1: Ball
2-1: Ball
3-1: Base on Balls
Batting: SHB Jason Woods 0-0: Called Strike
0-1: Foul Ball, location: 2F
0-2: Ball
1-2: Ball
Wild Pitch!
Jeckel Hester to second
2-2: Foul Ball, location: 2F
2-2: SINGLE (Line Drive, 9S, EV 91.9 MPH)
Jeckel Hester to third
Batting: SHB Terry Tuckfard 0-0: Ball
1-0: Called Strike
1-1: Ball
2-1: DOUBLE (Line Drive, 7LS, EV 101.2 MPH)
Jeckel Hester scores
Jason Woods to third
Batting: RHB Ike Trout 0-0: Called Strike
0-1: Ball
1-1: Ball
2-1: Foul Ball, location: 2F
2-2: Foul Ball, location: 2F
2-2: Ball
3-2: Fly out, F8 (Flyball, 8RM, EV 90.6 MPH)
Batting: LHB Erik Gretzky 0-0: Intentional Walk
Batting: RHB Luis Torres 0-0: Called Strike
0-1: Foul Ball, location: 2F
0-2: Ball
1-2: Ball
2-2: Ball
3-2: Strikes out swinging
Bottom of the 7th over - 1 run, 2 hits, 0 errors, 3 left on base; Chicago 1 - Atlanta 4
TOP OF THE 8TH
Chicago Cubs batting - Pitching for Atlanta Braves : RHP Jeremy Kasten
Batting: LHB Andy Arbuckle 0-0: Called Strike
0-1: Ball
1-1: Ball
2-1: Foul Ball, location: 2F
2-2: Strikes out looking
Batting: SHB Steve DiDomenico 0-0: DOUBLE (Line Drive, 8RXD, EV 105.6 MPH)
Batting: RHB Brian Gargis 0-0: Ball
1-0: Foul Ball, location: 2F
1-1: Ground out 4-3 (Groundball, 4, EV 101.9 MPH)
Steve DiDomenico to third
Batting: RHB Yasuhide Kasahara 0-0: Ball
1-0: Called Strike
1-1: Foul Ball, location: 2F
1-2: Strikes out looking
Top of the 8th over - 0 runs, 1 hit, 0 errors, 1 left on base; Chicago 1 - Atlanta 4
BOTTOM OF THE 8TH
Atlanta Braves batting - Pitching for Chicago Cubs : RHP Heef Harted
Pitching: RHP Chris Ray
Batting: RHB Xavier Davis 0-0: Ball
1-0: Called Strike
1-1: Ball
2-1: Called Strike
2-2: Ball
3-2: Foul Ball, location: 2F
3-2: Strikes out swinging
Batting: RHB Jordan Martin 0-0: Ball
1-0: SINGLE (Groundball, 5S, EV 65.0 MPH) (infield hit)
Batting: LHB Cody Schumacher 0-0: Called Strike
0-1: Ball
1-1: Swinging Strike
1-2: Ball
2-2: Ball
3-2: Base on Balls
Jordan Martin to second
Batting: RHB Jeckel Hester 0-0: Called Strike
0-1: Ball
1-1: Ball
2-1: Foul Ball, location: 2F
2-2: Fly out, F8 (Flyball, 89D, EV 93.8 MPH)
Runner from 2nd tags up, SAFE at 3rd, no throw by CF
Batting: SHB Jason Woods 0-0: Ball
1-0: Ball
2-0: Fielders Choice at 2nd, U6 (Groundball, 4MD, EV 106.2 MPH)
Bottom of the 8th over - 0 runs, 1 hit, 0 errors, 2 left on base; Chicago 1 - Atlanta 4
TOP OF THE 9TH
Chicago Cubs batting - Pitching for Atlanta Braves : RHP Jeremy Kasten
Pitching: RHP Victor Munoz
Batting: RHB Steve Bartman Jr. 0-0: Ball
1-0: Called Strike
1-1: Foul Ball, location: 2F
1-2: Ball
2-2: Strikes out swinging
Batting: RHB Efrain Vargas 0-0: Foul Ball, location: 2F
0-1: Hit by Pitch
Batting: RHB Josh Kalman 0-0: Ball
1-0: Foul Ball, location: 2F
1-1: Swinging Strike
1-2: Strikes out swinging
Batting: LHB Kevin Norton 0-0: Ball
1-0: SINGLE (Flyball, 56D, EV 90.0 MPH)
Efrain Vargas to second
Batting: RHB Elijah Campbell 0-0: Called Strike
0-1: Foul Ball, location: 2F
0-2: Strikes out looking
Top of the 9th over - 0 runs, 1 hit, 0 errors, 2 left on base; Chicago 1 - Atlanta 4
Thursday, December 15th , 2022 - OOTP Baseball 23.9 Build 102